General information
- name: BNet
- type: Ladder team game (AT/RT)
- host: Battle.net
- saver: angrywlnds
map: Deadlock
- players: 8
- length: 41:08
- speed: Fast
- version: 1.28 W3XP
- replay type: Public
» download(280 KB)
Players
team 1 (winner)
HARRY-POTTER69 (
teal | 62 APM | 2560 actions | 41:06)
7 Blademaster
3 Wind Walk
3 Critical Strike
1 Bladestorm
3 Shadow Hunter
2 Hex
1 Healing Wave
» actions
| Assign group hotkey | 24 | |
| Basic commands | 15 | |
| Build / train | 69 | |
| ESC pressed | 1 | |
| Enter build submenu | 18 | |
| Enter hero's abilities submenu | 10 | |
| Give item / drop item | 1 | |
| Right click | 1569 | |
| Select / deselect | 355 | |
| Select group hotkey | 306 | |
| Use ability | 192 | |
2560 total
» units
| Peon | 8 | |
| Grunt | 5 | |
| Spirit Walker | 4 | |
| Raider | 4 | |
| Troll Headhunter/Berserker | 4 | |
25 total
» upgrades
| Ensnare | 1 | |
| Reinforced Defenses | 1 | |
| Pillage | 1 | |
| Berserker Upgrade | 1 | |
| Spirit Walker Training | 1 | |
| Melee Weapons | 1 | |
| Ranged Weapons | 1 | |
| Armor | 1 | |
8 total
» buildings
| Altar of Storms | 2 | |
| Orc Burrow | 7 | |
| Barracks | 1 | |
| Voodoo Lounge | 1 | |
| Stronghold | 2 | |
| War Mill | 1 | |
| Fortress | 1 | |
| Spirit Lodge | 1 | |
| Beastiary | 2 | |
| Watch Tower | 2 | |
| Great Hall | 1 | |
21 total
» build order
00:05 Altar of Storms
00:07 Orc Burrow
00:12 Altar of Storms
00:54 Barracks
01:31 Voodoo Lounge
01:43 Orc Burrow
03:07 Orc Burrow
03:24 Stronghold
03:24 Stronghold
04:41 Orc Burrow
05:13 War Mill
06:06 Fortress
06:43 Spirit Lodge
07:10 Beastiary
08:03 Beastiary
09:17 Orc Burrow
13:02 Orc Burrow
14:58 Watch Tower
15:15 Watch Tower
15:36 Orc Burrow
19:52 Great Hall
» items
| Circlet of Nobility | 2 | |
| Boots of Speed | 1 | |
| Lesser Clarity Potion | 8 | |
| Healing Salve | 7 | |
| Scroll of Town Portal | 1 | |
| Orb of Lightning | 1 | |
20 total
angrywlnds (
orange | 118 APM | 4867 actions | 41:08)
6 Blademaster
3 Wind Walk
2 Critical Strike
1 Bladestorm
3 Shadow Hunter
2 Hex
1 Healing Wave
» actions
| Assign group hotkey | 151 | |
| Basic commands | 205 | |
| Build / train | 163 | |
| ESC pressed | 12 | |
| Enter build submenu | 39 | |
| Enter hero's abilities submenu | 9 | |
| Give item / drop item | 7 | |
| Right click | 1907 | |
| Select / deselect | 707 | |
| Select group hotkey | 1418 | |
| Use ability | 249 | |
4867 total
» units
| Peon | 15 | |
| Grunt | 9 | |
| Troll Headhunter/Berserker | 9 | |
| Wind Rider | 1 | |
| Kodo Beast | 1 | |
| Raider | 3 | |
| Demolisher | 3 | |
| Spirit Walker | 2 | |
| Shaman | 3 | |
| Tauren | 2 | |
| Troll Witch Doctor | 1 | |
49 total
» upgrades
| Armor | 4 | |
| Ranged Weapons | 3 | |
| Pillage | 1 | |
| Berserker Strength | 1 | |
| Reinforced Defenses | 1 | |
| Berserker Upgrade | 1 | |
| Troll Regeneration | 2 | |
| Envenomed Spears | 1 | |
| Spiked Barricades | 3 | |
| War Drums Damage Increase | 1 | |
| Melee Weapons | 4 | |
| Ensnare | 1 | |
| Shaman Training | 2 | |
| Spirit Walker Training | 2 | |
| Pulverize | 1 | |
| Witch Doctor Training | 2 | |
| Burning Oil | 1 | |
31 total
» buildings
| Orc Burrow | 8 | |
| Altar of Storms | 1 | |
| Barracks | 3 | |
| Voodoo Lounge | 1 | |
| War Mill | 1 | |
| Stronghold | 3 | |
| Great Hall | 1 | |
| Watch Tower | 14 | |
| Fortress | 3 | |
| Beastiary | 2 | |
| Spirit Lodge | 2 | |
| Tauren Totem | 1 | |
40 total
» build order
00:12 Orc Burrow
00:52 Altar of Storms
01:09 Orc Burrow
01:24 Barracks
01:48 Voodoo Lounge
02:22 War Mill
04:18 Stronghold
04:18 Stronghold
04:18 Stronghold
04:46 Great Hall
05:17 Orc Burrow
06:19 Watch Tower
06:20 Watch Tower
06:46 Watch Tower
06:50 Watch Tower
07:00 Watch Tower
07:47 Fortress
07:47 Fortress
07:47 Fortress
08:56 Watch Tower
08:57 Watch Tower
11:49 Beastiary
11:51 Beastiary
12:42 Watch Tower
12:45 Watch Tower
14:05 Orc Burrow
16:17 Orc Burrow
16:21 Orc Burrow
16:28 Watch Tower
16:33 Watch Tower
16:52 Orc Burrow
16:58 Orc Burrow
19:12 Watch Tower
19:13 Watch Tower
19:14 Watch Tower
22:11 Spirit Lodge
22:12 Spirit Lodge
22:16 Barracks
22:21 Barracks
23:38 Tauren Totem
» items
| Healing Salve | 9 | |
| Lesser Clarity Potion | 7 | |
| Scroll of Town Portal | 5 | |
| Periapt of Vitality | 1 | |
| Boots of Speed | 1 | |
| Orb of Lightning | 3 | |
| Potion of Healing | 3 | |
| Tiny Great Hall | 1 | |
| Scroll of Healing | 1 | |
| Staff of Teleportation | 2 | |
33 total
scotthall (
blue | 37 APM | 1513 actions | 41:06)
4 Death Knight
2 Death Coil
1 Death Pact
1 Unholy Aura
2 Goblin Tinker
1 Pocket Factory
1 Engineering Upgrade
» actions
| Basic commands | 151 | |
| Build / train | 61 | |
| Enter build submenu | 22 | |
| Enter hero's abilities submenu | 6 | |
| Remove unit from queue | 2 | |
| Right click | 734 | |
| Select / deselect | 413 | |
| Use ability | 124 | |
1513 total
» units
| Acolyte | 7 | |
| Ghoul | 6 | |
| Crypt Fiend | 12 | |
| Necromancer | 3 | |
| Meatwagon | 2 | |
30 total
» upgrades
| Creature Attack | 2 | |
| Creature Carapace | 2 | |
| Web | 1 | |
| Burrow | 1 | |
| Skeletal Mastery | 1 | |
| Skeletal Longevity | 1 | |
| Necromancer Training | 1 | |
| Exhume Corpses | 1 | |
10 total
» buildings
| Altar of Darkness | 1 | |
| Crypt | 2 | |
| Ziggurat | 8 | |
| Tomb of Relics | 1 | |
| Graveyard | 1 | |
| Halls of the Dead | 1 | |
| Temple of the Damned | 1 | |
| Black Citadel | 1 | |
| Nerubian Tower | 1 | |
| Slaughterhouse | 1 | |
18 total
» build order
00:17 Altar of Darkness
00:20 Crypt
00:35 Ziggurat
00:59 Tomb of Relics
01:44 Ziggurat
02:11 Graveyard
03:00 Crypt
04:47 Ziggurat
06:32 Halls of the Dead
07:51 Ziggurat
09:00 Temple of the Damned
09:51 Black Citadel
12:22 Ziggurat
12:32 Nerubian Tower
19:05 Ziggurat
19:06 Ziggurat
19:08 Ziggurat
23:24 Slaughterhouse
» items
| Rod of Necromancy | 1 | |
| Dust of Appearance | 1 | |
| Orb of Lightning | 1 | |
| Scroll of Town Portal | 3 | |
| Scroll of Speed | 1 | |
| Scroll of Healing | 1 | |
8 total
MeePeR-2 (
purple | 19 APM | 780 actions | 41:06)
4 Far Seer
2 Feral Spirit
2 Chain Lighting
» actions
| Assign group hotkey | 15 | |
| Basic commands | 17 | |
| Build / train | 61 | |
| ESC pressed | 7 | |
| Enter build submenu | 26 | |
| Enter hero's abilities submenu | 4 | |
| Remove unit from queue | 2 | |
| Right click | 312 | |
| Select / deselect | 236 | |
| Select group hotkey | 32 | |
| Use ability | 68 | |
780 total
» units
| Peon | 12 | |
| Grunt | 13 | |
| Shaman | 6 | |
| Troll Headhunter/Berserker | 5 | |
| Spirit Walker | 2 | |
38 total
» upgrades
| Melee Weapons | 2 | |
| Armor | 2 | |
| Spiked Barricades | 1 | |
| Pillage | 1 | |
| Shaman Training | 1 | |
| Troll Regeneration | 1 | |
| Ranged Weapons | 1 | |
| Spirit Walker Training | 1 | |
| Backpack | 1 | |
11 total
» buildings
| Altar of Storms | 1 | |
| Orc Burrow | 8 | |
| Barracks | 2 | |
| War Mill | 1 | |
| Voodoo Lounge | 1 | |
| Stronghold | 1 | |
| Watch Tower | 5 | |
| Spirit Lodge | 1 | |
| Great Hall | 6 | |
| Fortress | 1 | |
27 total
» build order
00:11 Altar of Storms
00:12 Orc Burrow
00:38 Barracks
01:24 War Mill
01:34 Orc Burrow
03:08 Orc Burrow
04:11 Voodoo Lounge
04:55 Stronghold
06:09 Orc Burrow
08:44 Watch Tower
09:02 Spirit Lodge
10:51 Watch Tower
10:58 Watch Tower
11:04 Watch Tower
11:07 Watch Tower
11:36 Great Hall
14:18 Fortress
15:33 Orc Burrow
17:54 Great Hall
23:18 Orc Burrow
29:53 Orc Burrow
29:56 Orc Burrow
31:00 Great Hall
31:33 Barracks
31:37 Great Hall
31:44 Great Hall
34:09 Great Hall
» items
| Scroll of Town Portal | 1 | |
| Potion of Healing | 2 | |
3 total
team 2 (loser)
Badiao (
green | 66 APM | 1577 actions | 23:52)
3 Keeper of the Grove
2 Force of Nature
1 Thorns Aura
2 Priestess of the Moon
1 Scout
1 Trueshot Aura
» actions
| Assign group hotkey | 44 | |
| Basic commands | 11 | |
| Build / train | 61 | |
| ESC pressed | 3 | |
| Enter build submenu | 23 | |
| Enter hero's abilities submenu | 5 | |
| Give item / drop item | 3 | |
| Right click | 888 | |
| Select / deselect | 314 | |
| Select group hotkey | 154 | |
| Use ability | 70 | |
1577 total
» units
| Wisp | 32 | |
| Archer | 7 | |
| Druid of the Talon | 2 | |
41 total
» upgrades
» buildings
| Altar of Elders | 2 | |
| Moon Well | 8 | |
| Ancient of War | 1 | |
| Ancient of Wonders | 1 | |
| Hunter's Hall | 1 | |
| Tree of Life | 6 | |
| Tree of Ages | 1 | |
| Ancient of Wind | 1 | |
| Tree of Eternity | 1 | |
22 total
» build order
00:06 Altar of Elders
00:18 Moon Well
00:32 Ancient of War
01:31 Moon Well
01:48 Ancient of Wonders
02:34 Hunter's Hall
03:37 Tree of Life
04:12 Moon Well
04:48 Tree of Ages
07:11 Tree of Life
08:02 Tree of Life
08:10 Moon Well
08:13 Moon Well
08:19 Ancient of Wind
08:21 Tree of Eternity
12:39 Tree of Life
13:00 Tree of Life
13:35 Altar of Elders
13:38 Moon Well
15:36 Moon Well
18:53 Moon Well
19:59 Tree of Life
» items
| Lesser Clarity Potion | 3 | |
| Boots of Speed | 2 | |
| Moonstone | 1 | |
| Dust of Appearance | 1 | |
| Staff of Teleportation | 1 | |
8 total
Turncoat (
red | 62 APM | 1375 actions | 22:07)
6 Blademaster
3 Wind Walk
2 Critical Strike
1 Bladestorm
» actions
| Assign group hotkey | 41 | |
| Basic commands | 51 | |
| Build / train | 68 | |
| Enter build submenu | 25 | |
| Enter hero's abilities submenu | 6 | |
| Give item / drop item | 2 | |
| Right click | 636 | |
| Select / deselect | 254 | |
| Select group hotkey | 220 | |
| Use ability | 72 | |
1375 total
» units
| Peon | 17 | |
| Grunt | 4 | |
| Troll Batrider | 11 | |
| Wind Rider | 1 | |
33 total
» upgrades
| Ranged Weapons | 3 | |
| Armor | 3 | |
| Troll Regeneration | 1 | |
| Liquid Fire | 1 | |
| Reinforced Defenses | 1 | |
| Envenomed Spears | 1 | |
10 total
» buildings
| Orc Burrow | 3 | |
| Altar of Storms | 1 | |
| Barracks | 1 | |
| Voodoo Lounge | 1 | |
| War Mill | 2 | |
| Stronghold | 1 | |
| Watch Tower | 11 | |
| Great Hall | 1 | |
| Beastiary | 4 | |
| Fortress | 2 | |
27 total
» build order
00:12 Orc Burrow
01:06 Altar of Storms
01:07 Barracks
01:13 Orc Burrow
01:39 Voodoo Lounge
02:40 War Mill
03:50 Stronghold
04:08 Watch Tower
04:09 Watch Tower
05:17 Great Hall
05:21 Watch Tower
05:21 Watch Tower
05:26 Watch Tower
06:17 Orc Burrow
07:17 Watch Tower
07:18 Watch Tower
09:05 Beastiary
09:06 Beastiary
09:06 Beastiary
09:09 Beastiary
11:57 Fortress
12:15 War Mill
12:30 Watch Tower
12:32 Watch Tower
12:35 Watch Tower
12:37 Watch Tower
» items
| Healing Salve | 4 | |
| Boots of Speed | 1 | |
| Orb of Lightning | 1 | |
| Lesser Clarity Potion | 2 | |
| Potion of Healing | 2 | |
| Scroll of Healing | 1 | |
| Scroll of Protection | 1 | |
| Potion of Mana | 1 | |
| Scroll of Town Portal | 1 | |
14 total
KING-RAT. (
yellow | 74 APM | 3045 actions | 41:06)
7 Goblin Tinker
2 Pocket Factory
3 Engineering Upgrade
1 Robo-Goblin
1 Cluster Rockets
1 Blademaster
1 Critical Strike
» actions
| Assign group hotkey | 44 | |
| Basic commands | 91 | |
| Build / train | 80 | |
| Enter build submenu | 38 | |
| Enter hero's abilities submenu | 8 | |
| Give item / drop item | 1 | |
| Remove unit from queue | 3 | |
| Right click | 1420 | |
| Select / deselect | 363 | |
| Select group hotkey | 850 | |
| Use ability | 147 | |
3045 total
» units
| Peon | 23 | |
| Grunt | 2 | |
| Wind Rider | 9 | |
| Raider | 3 | |
37 total
» upgrades
| Ranged Weapons | 2 | |
| Reinforced Defenses | 1 | |
| Armor | 2 | |
| Envenomed Spears | 1 | |
| Ensnare | 2 | |
8 total
» buildings
| Altar of Storms | 1 | |
| Orc Burrow | 16 | |
| Barracks | 1 | |
| Stronghold | 1 | |
| Great Hall | 5 | |
| War Mill | 1 | |
| Voodoo Lounge | 1 | |
| Beastiary | 4 | |
| Fortress | 1 | |
| Watch Tower | 36 | |
67 total
» build order
00:07 Altar of Storms
00:21 Orc Burrow
00:53 Barracks
01:26 Orc Burrow
03:05 Stronghold
03:33 Great Hall
03:48 War Mill
04:07 Orc Burrow
04:18 Voodoo Lounge
05:35 Beastiary
05:36 Beastiary
07:31 Fortress
07:49 Watch Tower
07:50 Watch Tower
07:53 Watch Tower
08:16 Watch Tower
08:16 Watch Tower
08:57 Watch Tower
08:58 Watch Tower
09:57 Watch Tower
09:58 Watch Tower
10:17 Watch Tower
10:17 Watch Tower
11:15 Orc Burrow
11:15 Orc Burrow
12:10 Watch Tower
12:11 Watch Tower
12:51 Watch Tower
14:14 Watch Tower
14:14 Watch Tower
14:14 Watch Tower
14:15 Watch Tower
14:15 Watch Tower
14:16 Watch Tower
14:38 Orc Burrow
15:38 Watch Tower
16:06 Great Hall
17:41 Beastiary
22:20 Orc Burrow
23:00 Great Hall
23:02 Watch Tower
23:02 Watch Tower
23:03 Watch Tower
23:03 Watch Tower
24:46 Beastiary
31:03 Great Hall
31:27 Watch Tower
31:27 Watch Tower
31:28 Watch Tower
31:28 Watch Tower
32:00 Watch Tower
35:17 Orc Burrow
38:42 Orc Burrow
38:43 Orc Burrow
38:43 Orc Burrow
38:44 Orc Burrow
38:45 Orc Burrow
38:45 Orc Burrow
38:46 Orc Burrow
38:47 Orc Burrow
39:17 Great Hall
39:18 Watch Tower
39:19 Watch Tower
39:21 Watch Tower
39:21 Watch Tower
39:22 Watch Tower
39:22 Watch Tower
» items
| Healing Salve | 3 | |
| Staff of Teleportation | 1 | |
| Scroll of Town Portal | 8 | |
| Potion of Lesser Invulnerability | 1 | |
| Orb of Lightning | 1 | |
| Scroll of Speed | 3 | |
| Boots of Speed | 1 | |
| Dust of Appearance | 1 | |
19 total

»
miniz (
pink | 55 APM | 1772 actions | 32:18)
4 Archmage
1 Summon Water Elemental
1 Blizzard
2 Brilliance Aura
3 Mountain King
1 Storm Bolt
1 Thunder Clap
1 Bash
3 Paladin
1 Holy Light
1 Divine Shield
1 Devotion Aura
» actions
| Basic commands | 1 | |
| Build / train | 143 | |
| Enter build submenu | 38 | |
| Enter hero's abilities submenu | 12 | |
| Give item / drop item | 2 | |
| Remove unit from queue | 2 | |
| Right click | 981 | |
| Select / deselect | 491 | |
| Use ability | 102 | |
1772 total
» units
| Peasant | 27 | |
| Footman | 3 | |
| Priest | 10 | |
| Sorceress | 9 | |
| Knight | 9 | |
| Gryphon Rider | 12 | |
| Wind Rider | 11 | |
81 total
» upgrades
| Swords | 2 | |
| Armor | 3 | |
| Masonry | 1 | |
| Lumber Harvesting | 1 | |
| Plating | 1 | |
| Storm Hammers | 1 | |
| Sorceress Training | 2 | |
| Animal War Training | 1 | |
| Priest Training | 1 | |
13 total
» buildings
| Altar of Kings | 1 | |
| Farm | 10 | |
| Barracks | 1 | |
| Lumber Mill | 2 | |
| Arcane Vault | 1 | |
| Town Hall | 3 | |
| Scout Tower | 21 | |
| Keep | 1 | |
| Blacksmith | 1 | |
| Guard Tower | 8 | |
| Arcane Tower | 3 | |
| Castle | 1 | |
| Gryphon Aviary | 3 | |
| Arcane Sanctum | 1 | |
57 total
» build order
00:08 Altar of Kings
00:17 Farm
00:54 Barracks
01:06 Farm
01:23 Lumber Mill
01:27 Lumber Mill
01:47 Arcane Vault
02:00 Farm
02:51 Farm
03:44 Farm
04:31 Town Hall
04:35 Scout Tower
04:37 Scout Tower
04:42 Scout Tower
04:43 Scout Tower
05:45 Keep
05:51 Blacksmith
05:54 Farm
05:55 Farm
05:58 Scout Tower
05:59 Scout Tower
06:09 Guard Tower
06:36 Scout Tower
06:39 Scout Tower
06:40 Scout Tower
07:19 Arcane Tower
07:21 Guard Tower
08:08 Guard Tower
08:14 Castle
08:18 Gryphon Aviary
08:21 Gryphon Aviary
08:29 Gryphon Aviary
08:38 Arcane Sanctum
09:31 Farm
09:32 Farm
09:33 Farm
10:02 Town Hall
13:32 Scout Tower
13:34 Scout Tower
13:34 Scout Tower
14:11 Scout Tower
14:17 Scout Tower
14:19 Scout Tower
14:39 Guard Tower
14:51 Arcane Tower
15:54 Scout Tower
15:55 Scout Tower
15:56 Scout Tower
15:57 Scout Tower
15:57 Scout Tower
16:36 Guard Tower
16:38 Guard Tower
16:50 Arcane Tower
17:50 Guard Tower
20:32 Scout Tower
22:12 Guard Tower
31:27 Town Hall
» items
| Scroll of Regeneration | 2 | |
| Staff of Teleportation | 2 | |
| Boots of Speed | 2 | |
| Lesser Clarity Potion | 1 | |
| Potion of Healing | 5 | |
| Orb of Fire | 2 | |
| Potion of Lesser Invulnerability | 3 | |
| Scroll of Town Portal | 3 | |
20 total
Chat log
(00:12 / All) scotthall: lynch squad
(00:16 / All) angrywlnds: ?
(00:23 / All) HARRY-POTTER69: THE WAND CHOOSES THE WIZARD MOTHA FUCKA
(00:44 / All) KING-RAT.: blue aka?
(00:56 / All) Turncoat: it's angry
(02:02 / All) scotthall: hey fatso
(02:33 / Allies) angrywlnds: harass here
(04:36 / Allies) angrywlnds: ty
(04:48 / Allies) angrywlnds: check expo
(05:44 / Allies) angrywlnds: ty
(08:29 / All) Turncoat: hex is a crutch for bitch made players
(08:39 / Allies) HARRY-POTTER69: thats why all the pros use it
(08:47 / All) HARRY-POTTER69: thats why all the pros use it
(08:49 / Allies) MeePeR-2: so true
(08:50 / Allies) MeePeR-2: CX
(08:53 / All) HARRY-POTTER69: they all botch
(09:04 / Allies) angrywlnds: 200g for tp'?\
(09:21 / Allies) angrywlnds: harass green
(09:21 / Allies) angrywlnds: ty
(09:23 / Allies) scotthall: hiting green
(09:26 / Allies) scotthall: grabing tinker
(09:43 / All) Turncoat: Okay queer
(09:48 / All) Turncoat: watch what comes your way
(09:54 / Allies) HARRY-POTTER69: dude just fuckin play
(09:55 / All) HARRY-POTTER69: god
(09:59 / All) HARRY-POTTER69: just play
(10:47 / Allies) HARRY-POTTER69: 1 person tp?
(10:48 / Allies) HARRY-POTTER69: ty
(11:12 / All) Badiao: gg
(11:15 / All) Badiao: noob team
(12:20 / Allies) angrywlnds: lumber me
(12:31 / Allies) angrywlnds: ty
(12:49 / Allies) angrywlnds: 'fiend
(13:31 / Allies) angrywlnds: hit here too many towers
(13:52 / Allies) HARRY-POTTER69: tp
(13:54 / Allies) HARRY-POTTER69: blkue
(15:44 / Allies) scotthall: ready?
(15:47 / Allies) HARRY-POTTER69: sec
(16:02 / Allies) MeePeR-2: im done
(16:05 / Allies) scotthall: can i get some gold for tp
(16:05 / Allies) MeePeR-2: DOWN*
(16:12 / Allies) HARRY-POTTER69: im ready
(16:34 / All) Turncoat: blue mher
(17:21 / All) Turncoat: hex = bitch made
(17:24 / All) Turncoat: crutch
(18:10 / All) Turncoat: lawl who is mhing on your team?
(18:17 / All) angrywlnds: not sure
(18:19 / All) HARRY-POTTER69: they been in there for 10 mins
(18:40 / Allies) MeePeR-2: it isnt mhing its logic
(18:52 / Allies) angrywlnds: wrong chat doofus
(18:57 / Allies) HARRY-POTTER69: go check replay lol
(18:58 / Allies) MeePeR-2: no
(19:00 / All) HARRY-POTTER69: go check replay lol
(19:02 / Allies) MeePeR-2: i was talking to u guys
(19:26 / All) KING-RAT.: this team is dumb
(19:30 / All) KING-RAT.: i tell htem to hit top left
(19:31 / All) KING-RAT.: they dont
(19:43 / All) MeePeR-2: quit being so bossy
(19:54 / All) MeePeR-2: try teamwork
(20:34 / All) Turncoat: RAPED
(20:36 / All) Turncoat: BITCH MADE
(21:45 / All) miniz: orange try too hard on my am -(
(21:54 / All) angrywlnds: I'm going 100 food and killing you
(21:55 / All) miniz: and die everything
(22:03 / All) miniz: beacuse u die?
(22:04 / All) angrywlnds: YOu die
(22:07 / All) miniz: i thought both of your hero died
(22:11 / All) MeePeR-2: I wish i had drop
(22:35 / All) angrywlnds: you die
(22:43 / All) MeePeR-2: but he talked alot of crap
(22:44 / Allies) HARRY-POTTER69: blue
(22:50 / Allies) HARRY-POTTER69: why done u have aura?
(22:51 / Allies) HARRY-POTTER69: lol
(23:15 / Allies) scotthall: im a slow nigga
(23:28 / All) Badiao: WTF?
(25:10 / All) scotthall: rofl
(26:25 / All) miniz: lol 2 vs me
(26:28 / All) angrywlnds: raped
(26:38 / Allies) MeePeR-2: forget base
(26:40 / All) miniz: yeah 2 vs my rapped ass
(26:41 / Allies) MeePeR-2: go hit
(26:44 / All) angrywlnds: you got raped
(28:28 / Allies) HARRY-POTTER69: link my hero plz
(28:32 / Allies) HARRY-POTTER69: spirit link
(28:40 / Allies) HARRY-POTTER69: link myhero
(28:54 / Allies) MeePeR-2: got you
(29:28 / Allies) HARRY-POTTER69: oj
(29:37 / All) angrywlnds: pink try too hard and his everything dies :(
(31:43 / Allies) HARRY-POTTER69: can i get a bit of gold plz?
(31:48 / All) KING-RAT.: hasnt communciated all game
(31:53 / Allies) HARRY-POTTER69: oj
(31:55 / Allies) HARRY-POTTER69: ty
(32:36 / All) scotthall: been awhile boys
(32:39 / Allies) MeePeR-2: yellow is left
(32:55 / Allies) MeePeR-2: and has mh
(33:02 / All) angrywlnds: lol they say you mh yellow
(33:03 / All) angrywlnds: purp
(33:11 / All) MeePeR-2: Yes yes i do
(33:36 / Allies) HARRY-POTTER69: oj
(33:40 / Allies) angrywlnds: what
(33:44 / Allies) HARRY-POTTER69: if u give me 600 gold i can buy mini hall from ur shop
(33:47 / Allies) HARRY-POTTER69: and build a new base
(33:59 / Allies) angrywlnds: nah
(34:08 / Allies) HARRY-POTTER69: ok
(34:10 / Allies) HARRY-POTTER69: get to work then
(34:13 / Allies) HARRY-POTTER69: win me the game
(34:19 / Allies) HARRY-POTTER69: im gonna kick back and relax
(34:27 / Allies) angrywlnds: I'm gonna give you a loss
(34:32 / Allies) HARRY-POTTER69: i dont care
(34:36 / Allies) HARRY-POTTER69: have fun
(34:36 / Allies) angrywlnds: then leave
(34:37 / All) KING-RAT.: giv eit up purp
(34:37 / All) scotthall: rofl lynch squad dosnt win peopl games
(34:38 / All) KING-RAT.: u nub
(34:43 / Allies) HARRY-POTTER69: nah im gonna make u work for it
(34:49 / Allies) angrywlnds: I'm having fun, are you?
(34:54 / All) KING-RAT.: u betrayed one of us
(34:56 / Allies) HARRY-POTTER69: sure i got a movie on
(35:00 / Allies) angrywlnds: what one
(35:01 / All) KING-RAT.: only got urself to blame
(35:03 / All) MeePeR-2: Cx
(35:06 / All) MeePeR-2: hah oj tk
(35:09 / All) MeePeR-2: what a bitch
(35:42 / 5) scotthall: what ch are you guys in now lol
(35:52 / Allies) angrywlnds: we still use lynch squad
(35:54 / Allies) angrywlnds: we got a discord too
(36:05 / Allies) MeePeR-2: Cx
(36:06 / 5) scotthall: nice lol
(36:10 / Allies) MeePeR-2: Eh discord
(36:12 / Allies) MeePeR-2: i had that
(36:14 / Allies) MeePeR-2: it was fun
(36:23 / Allies) MeePeR-2: not really in anyhting anymore
(36:28 / Allies) MeePeR-2: anything*
(36:35 / Allies) angrywlnds: you should join our server and play some games sometime
(36:59 / Allies) MeePeR-2: You'll have to tell me about it later cause ima have to reinstall it'
(37:00 / Allies) scotthall: do i get to give people the razor edge
(37:02 / Allies) angrywlnds: aight
(37:30 / Allies) angrywlnds: oh I was talking to blue not you purp
(37:36 / Allies) MeePeR-2: oh
(37:42 / Allies) MeePeR-2: nvm then
(37:42 / All) KING-RAT.: u nabs need to leave
(37:43 / Allies) angrywlnds: just noticed I was responding to you asking about our server and not him, I'm tired
(37:46 / All) KING-RAT.: u got beat by the superior player
(37:47 / Allies) angrywlnds: you can stab with us if you want too
(37:49 / All) scotthall: hogan was the third man omg
(38:13 / All) scotthall: yeah you nabs teal and pink
(38:23 / Allies) scotthall: woo look at the spirt walker fling shit lol
(38:25 / All) MeePeR-2: Cx
(38:41 / All) scotthall: miniz sucks lol
(38:52 / All) angrywlnds: he was an idiot lol
(39:08 / All) scotthall: he thought he could beat lynch squad
(39:17 / All) angrywlnds: talked shit when he's winning but shuts up fast when he doesn't
(39:18 / All) scotthall: only people beat lynch squad is lynch squad
(39:20 / All) angrywlnds: which is 90% of players
(39:30 / All) angrywlnds: especially hilarious when they talk shit and then get tked lol
(39:33 / All) angrywlnds: they always shut up
(39:47 / All) scotthall: rofl
(40:16 / Allies) scotthall: who the fuck was turncoat
(40:24 / Allies) angrywlnds: turncoat is turncoat lol
(40:27 / Allies) angrywlnds: he dropped for some reason
(40:29 / Allies) MeePeR-2: red
(40:31 / Allies) MeePeR-2: cx
(40:38 / Allies) angrywlnds: bob, angrypeons and other names
(40:42 / All) scotthall: mother fucekr call me a mher
(40:55 / All) angrywlnds: dunno why he thought you mhed
(40:58 / Allies) MeePeR-2: i called him a mher
(40:59 / Allies) MeePeR-2: Cx
(41:01 / All) angrywlnds: I don't pay much attention a lot of games lol